 Dungeon Crawl Stone Soup version 0.20.1-1-g8b1a95d (webtiles) character file.

189900 Timinator the Brawler (level 17, -31/172 HPs)
             Began as a Troll Monk on Nov 4, 2017.
             Was the Champion of Okawaru.
             Blown up by an orb spider (57 damage)
             ... with an orb of destruction
             ... on level 3 of the Spider Nest.
             The game lasted 00:55:19 (31650 turns).

Timinator the Brawler (Troll Monk)                 Turns: 31650, Time: 00:55:20

Health: -31/172    AC: 21    Str: 23      XL:     17   Next: 52%
Magic:  2/16       EV: 11    Int:  3 (4)  God:    Okawaru [******]
Gold:   2272       SH: 17    Dex: 12      Spells: 16/16 levels left

rFire    + + .     SeeInvis .     - Unarmed
rCold    . . .     Gourm    +   O - +0 large shield
rNeg     . . .     Faith    .   f - +2 fire dragon scales
rPois    .         Spirit   .   b - +2 hat {MR+}
rElec    .         Reflect  .   y - scarf {repulsion}
rCorr    .         Harm     .   (gloves unavailable)
MR       ++++.     Rnd*Rage +   (boots unavailable)
Stlth    +.........             I - necklace of Bloodlust {*Rage +Rage MR++ Int-3 Slay+6 *Curse}
Regen    0.8/turn               X - ring "Jaeqino" {+Inv +Fly Dex-4 Slay+5 Stlth+}
MPRegen  0.2/turn               M - ring of protection from cold

@: lethally poisoned (-31 -> -31), berserk cooldown, very slightly contaminated,
slowed, repel missiles, very slow
A: unfitting armour, claws 3, talons 1, iridescent scales 1, fast metabolism 3,
gourmand, regeneration 1, shaggy fur 1, tough skin 2
}: 1/15 runes: decaying
a: Heroism, Finesse, Renounce Religion, Evoke Berserk Rage, Evoke Invisibility,
Evoke Flight


You were on level 3 of the Spider Nest.
You worshipped Okawaru.
Okawaru was exalted by your worship.
You were not hungry.

You visited 6 branches of the dungeon, and saw 32 of its levels.
You also visited: Ossuary and Bailey.

You collected 3308 gold pieces.
You spent 1036 gold pieces at shops.

Inventory:

Hand Weapons
 p - the +12 hunting sling "Joad" {venom, Str+3}
   (Okawaru gifted it to you on level 6 of the Lair of Beasts)

   It poisons the ammo it fires.
   It affects your strength (+3).
 W - the +11 long sword "Troll's Death" {venom, rF+ rC++}
   (Okawaru gifted it to you on level 1 of the Spider Nest)

   It poisons the flesh of those it strikes.
   It protects you from fire.
   It greatly protects you from cold.
Armour
 b - a +2 hat of magic resistance (worn)
 f - +2 fire dragon scales (worn)
 k - a scarf of resistance
 y - a scarf of repulsion (worn)
 O - a +0 large shield (worn)
Jewellery
 t - an uncursed amulet of regeneration
 I - the necklace of Bloodlust (around neck) {*Rage +Rage MR++ Int-3 Slay+6 *Curse}
   (You found it on level 15 of the Dungeon)

   [amulet of rage]

   It affects your intelligence (-3).
   It affects your accuracy and damage with ranged weapons and melee attacks
   (+6).
   It affects your resistance to hostile enchantments.
   It lets you go berserk.
   It may make you go berserk in combat.
   It curses itself when equipped.
 M - a ring of protection from cold (right claw)
 T - the ring of Juczass Iguh {rN+ MR++ Str-3 Dex-2 SInv}
   (You found it on level 3 of the Swamp)

   [ring of positive energy]

   It affects your strength (-3).
   It affects your dexterity (-2).
   It protects you from negative energy.
   It affects your resistance to hostile enchantments.
   It lets you see invisible.
 X - the ring "Jaeqino" (left claw) {+Inv +Fly Dex-4 Slay+5 Stlth+}
   (You bought it in a shop on level 2 of the Orcish Mines)

   [ring of flight]

   It affects your dexterity (-4).
   It affects your accuracy and damage with ranged weapons and melee attacks
   (+5).
   It lets you turn invisible.
   It lets you fly.
   It makes you more stealthy.
Wands
 q - a wand of paralysis (6/24)
 x - a wand of iceblast (7/15)
 E - a wand of flame (20/48)
 N - a wand of iceblast (10/15)
 P - a wand of clouds (4/9)
 Q - a wand of acid (9/15)
 R - a wand of disintegration (9/24)
Scrolls
 e - 8 scrolls of teleportation
 g - a scroll of fog
 h - 14 scrolls of remove curse
 l - 8 scrolls of recharging
 m - 7 scrolls of enchant weapon
 n - 4 scrolls of magic mapping
 s - 2 scrolls of fear
 D - 6 scrolls of identify
 J - 4 scrolls of amnesia
 S - a scroll of silence
Potions
 a - 8 potions of heal wounds
 c - a potion of cancellation
 i - 5 potions of haste
 r - 6 potions of mutation
 u - 3 potions of brilliance
 v - 5 potions of flight
 z - 3 potions of curing
 A - 3 potions of berserk rage
 B - 2 potions of ambrosia
 C - 3 potions of magic
 G - a potion of agility
 H - 2 potions of might
 L - 2 potions of invisibility
Miscellaneous
 F - a lightning rod (4/4)
 U - a phantom mirror
Comestibles
 j - 18 royal jellies
 o - 12 meat rations
 w - 15 fruits


   Skills:
 + Level 11.7 Fighting
 + Level 11.8 Armour
 + Level 12.0 Dodging
 - Level 1.0 Stealth
 + Level 8.4 Shields
 * Level 18.8 Unarmed Combat


You had 16 spell levels left.
You didn't know any spells.

Dungeon Overview and Level Annotations

Branches:
Dungeon (15/15)            Temple (1/1) D:7            Lair (6/6) D:10
  Swamp (4/4) Lair:4       Spider (4/4) Lair:3        Slime (0/5) Lair:5
    Orc (2/2) D:12            Elf (0/3) Orc:2        Vaults (0/5) D:13
 Depths (0/5) D:15

Altars:
Ashenzari
Cheibriados
Dithmenos
Elyvilon
Fedhas
Gozag
Hepliaklqana
Kikubaaqudgha
Makhleb
Nemelex Xobeh
Okawaru
Qazlal
Ru
Sif Muna
Trog
Uskayaw
Vehumet
Xom
Yredelemnul
Zin
The Shining One
Beogh

Shops:
D:4 !   D:5 }=%   D:6 =   D:15 ?   Orc:2 }=![

Annotations:
Spider:3 exclusion: Roxanne, Bai Suzhen, Mara, Roxanne


Innate Abilities, Weirdness & Mutations

You are too large for most types of armour.
You have claws for hands.
Your metabolism is lightning-fast.
You like to eat raw meat.
Your natural rate of healing is unusually fast.
You are covered in fur. (AC +1)
You have very tough skin. (AC +2)
You have sharp toenails.
You are partially covered in iridescent scales. (AC +2)


Message History

You are exhausted.
You feel yourself slow down.
You see here 22 gold pieces.
You feel sick. You block the orb of destruction.
The orb of destruction dissipates.
The orb spider spins a strand of pure energy.
Found 2 fruits.
You feel sick.
Found a scroll of identify.
The orb spider weaves a glowing orb of energy.
An orb of destruction comes into view.
You feel sick.
The orb spider pulsates with a strange energy.
The orb of destruction hits a rock wall.
The orb spider weaves a glowing orb of energy.
An orb of destruction comes into view.
You feel sick.
The orb spider spins a strand of pure energy.
The orb of destruction hits you!
You die...

...........}..............#s.
^.....#.#....!.#.#..#.^....^.
....................#........
..........^.# ...#..)...#...
.......s....# ^...#...#..#.
..#.#.#.§....# #..........^
#.......§...### #sD..s{....#
...#......§§.%s# #....sD##.
#....#.#.§@†## #.ss#.#.###
#...^.%..§.§§# #...d.....#
#..........†## ##....#...#
......^.%.%..# #..?.....#
.......#....### ##.......#
.^%..#......# #.....###
.?.......... #.....#
#.##........# #######
#......#.#


You could see 2 orb spiders.

Vanquished Creatures
  Nikola (Swamp:1)
  Arachne (Spider:3)
  Jorgrun (Spider:4)
  Frances (D:12)
  Kirke (Lair:5)
  3 thorn hunters
  Donald (Swamp:3)
  An orc warlord (Orc:2)
  2 entropy weavers (Spider:1)
  A very ugly thing (Swamp:4)
  2 death oozes (Swamp:4)
  2 green deaths
  3 vault guards (D:13)
  Josephine (Lair:6)
  A fire dragon (Lair:6)
  Fannar (Lair:3)
  3 ghost crabs
  A hell beast (Swamp:4)
  A centaur warrior (D:13)
  2 catoblepae (Lair:6)
  18 hydras
  A death knight (D:13)
  An ogre mage (D:13)
  3 death yaks (Lair:6)
  6 two-headed ogres
  13 alligators
  A deep elf knight (D:13)
  Sonja (D:14)
  3 unseen horrors
  A spriggan druid (Swamp:4)
  A lindwurm (Lair:6)
  9 swamp dragons
  3 shambling mangroves
  3 large abominations (Swamp:4)
  A phantasmal warrior (D:13)
  A wolf spider zombie (D:13)
  3 deep elf magi
  9 orc knights
  8 orb spiders
  7 ugly things
  An orc sorcerer (Orc:2)
  17 wolf spiders
  2 manticores
  12 slime creatures
  5 cyclopes
  A salamander (D:15)
  16 elephants
  A moth of wrath (Spider:2)
  6 black mambas
  Joseph (D:7)
  25 spiny frogs
  4 orange demons (Swamp:4)
  A torpor snail (Lair:6)
  6 rime drakes
  11 komodo dragons
  7 demonic crawlers
  A kobold demonologist (D:14)
  2 freezing wraiths (D:13)
  A yaktaur (D:14)
  A tengu conjurer (D:13)
  An efreet (D:14)
  7 trolls
  7 tyrant leeches
  12 hornets
  19 jumping spiders
  13 hippogriffs
  9 bog bodies
  2 polar bears
  6 blink frogs (Lair:6)
  9 dream sheep (Lair:6)
  A centaur simulacrum (D:15)
  2 spriggans (Swamp:4)
  9 wyverns
  43 redbacks
  2 shadows
  22 tarantellas
  10 yaks
  7 wraiths
  The ghost of Gremour the Slasher, an amateur DrMo (D:4)
  5 basilisks
  A human (D:13)
  2 steam dragons (Lair:6)
  2 hungry ghosts
  A hog (Lair:5)
  12 vampire mosquitoes
  12 wargs
  15 swamp worms
  12 insubstantial wisps
  Edmund (D:4)
  An acid dragon (D:15)
  3 soldier ants (D:11)
  13 porcupines
  10 water moccasins
  4 black bears
  A floating eye (shapeshifter) (D:15)
  52 orc warriors
  3 phantoms
  5 ice beasts
  9 swamp drakes
  2 eyes of draining (D:13)
  8 sky beasts
  A necrophage (D:9)
  21 wolves
  9 centaurs
  12 ogres
  10 crocodiles
  2 big kobolds
  19 bullfrogs
  A wyvern zombie (D:8)
  2 scorpions
  4 killer bees (D:8)
  5 howler monkeys
  4 wights (D:9)
  2 electric eels
  2 centaur zombies (Ossuary)
  6 crimson imps
  2 bullfrog zombies
  2 human zombies (Ossuary)
  3 jellies
  8 hounds
  23 orc priests
  6 centaur skeletons
  26 orc wizards
  Crazy Yiuf (D:2)
  2 bullfrog skeletons
  7 iguanas
  12 worker ants
  A big kobold zombie (Ossuary)
  A hound zombie (D:10)
  3 hound skeletons
  3 mummies
  A worker ant zombie (D:8)
  Robin (D:2)
  9 adders
  2 shadow imps
  2 oozes
  3 adder zombies
  An adder skeleton (D:7)
  4 worms
  9 leopard geckos
  108 orcs
  2 ball pythons
  6 bats
  4 giant cockroaches
  9 goblins
  10 hobgoblins
  4 jackals (D:3)
  18 kobolds
  3 quokkas
  7 frilled lizards
  11 hobgoblin zombies (Ossuary)
  A jackal skeleton (D:4)
  A jackal zombie (Ossuary)
  8 kobold zombies (Ossuary)
  7 orc zombies (Ossuary)
  A quokka skeleton (D:3)
  8 rats
  3 rat zombies (Ossuary)
  2 briar patches
  A fungus (Lair:5)
  2 plants (Swamp:4)
1048 creatures vanquished.

Vanquished Creatures (collateral kills)
  A demonic crawler (Spider:1)
1 creature vanquished.

Vanquished Creatures (others)
  A ghost moth (Spider:3)
  A human (Lair:5)
  A water moccasin (Lair:5)
  A swamp drake (Swamp:2)
  A kobold (D:13)
  8 fungi
  10 plants
23 creatures vanquished.

Grand Total: 1072 creatures vanquished

Notes
Turn   | Place    | Note
-------+----------+-------------------------------------------
     0 | D:1      | Timinator the Troll Monk began the quest for the Orb.
     0 | D:1      | Reached XP level 1. HP: 22/22 MP: 0/0
    50 | D:1      | Reached XP level 2. HP: 26/29 MP: 1/1
   362 | D:2      | Noticed Robin
   370 | D:2      | Reached skill level 1 in Armour
   375 | D:2      | Reached XP level 3. HP: 24/36 MP: 2/2
   386 | D:2      | Killed Robin
   720 | D:2      | Reached XP level 4. HP: 35/44 MP: 3/3
   818 | D:2      | Found a runed door.
  1017 | D:2      | Reached skill level 4 in Unarmed Combat
  1139 | D:2      | Noticed Crazy Yiuf
  1149 | D:2      | Killed Crazy Yiuf
  1250 | D:3      | Found a sacrificial altar of Ru.
  1259 | D:3      | Noticed a bullfrog
  1267 | D:3      | Killed a bullfrog
  1267 | D:3      | Reached XP level 5. HP: 49/52 MP: 4/4
  1470 | D:3      | Found an opulent altar of Gozag.
  1700 | D:4      | Found Haxt's Distillery.
  1728 | D:4      | Reached XP level 6. HP: 53/61 MP: 5/5
  1732 | D:4      | Bought a potion of heal wounds for 50 gold pieces
  1732 | D:4      | Bought a potion of heal wounds for 50 gold pieces
  1732 | D:4      | Noticed Edmund
  1751 | D:4      | Killed Edmund
  1751 | D:4      | Reached skill level 5 in Unarmed Combat
  1993 | D:4      | Noticed Gremour's ghost (amateur DrMo)
  2025 | D:4      | Killed Gremour's ghost
  2025 | D:4      | Reached XP level 7. HP: 34/67 MP: 6/6
  2214 | D:4      | Found a hazy altar of Hepliaklqana.
  2631 | D:5      | Entered Level 5 of the Dungeon
  2684 | D:5      | Found Labb's Jewellery Boutique.
  2847 | D:5      | Found Nuumioju's Food Shop.
  3026 | D:5      | Reached skill level 6 in Unarmed Combat
  3102 | D:5      | Reached XP level 8. HP: 54/78 MP: 7/7
  3185 | D:5      | Noticed a dagger
  3185 | D:5      | Noticed a dagger
  3186 | D:5      | Found a hide-covered altar of Uskayaw.
  3334 | D:5      | Found Suxaos's Gadget Boutique.
  3481 | D:6      | Got a smoking robe
  3492 | D:6      | Identified the +1 robe of the Shrike {rPois} (You found it on level 6 of the Dungeon)
  3655 | D:6      | Reached skill level 7 in Unarmed Combat
  3682 | D:6      | Found a shadowy altar of Dithmenos.
  3781 | D:6      | Found a sand-covered staircase.
  3787 | Ossuary  | Entered an ossuary
  4266 | D:6      | Found Zaewuh's Jewellery Shop.
  4746 | D:6      | Reached skill level 5 in Dodging
  4859 | D:7      | Found a staircase to the Ecumenical Temple.
  4862 | D:7      | Reached skill level 8 in Unarmed Combat
  4867 | D:7      | Reached XP level 9. HP: 85/85 MP: 8/8
  4882 | D:7      | Noticed Joseph
  4896 | D:7      | Paralysed by Joseph for 2 turns
  4902 | D:7      | Killed Joseph
  5076 | Temple   | Entered the Ecumenical Temple
  5264 | Temple   | Became a worshipper of Warmaster Okawaru
  5264 | Temple   | Reached * piety under Okawaru
  5264 | Temple   | Reached ** piety under Okawaru
  5377 | D:7      | Reached skill level 5 in Fighting
  5612 | D:8      | Found a shadowy altar of Dithmenos.
  5665 | D:8      | Noticed a manticore
  5676 | D:8      | Killed a manticore
  5676 | D:8      | Reached skill level 5 in Armour
  5676 | D:8      | Reached skill level 9 in Unarmed Combat
  5927 | D:8      | Noticed a troll
  5941 | D:8      | Killed a troll
  5941 | D:8      | Reached *** piety under Okawaru
  6499 | D:8      | Reached XP level 10. HP: 90/97 MP: 9/9
  6750 | D:8      | Found a bloodstained altar of Trog.
  6916 | D:9      | Reached skill level 10 in Unarmed Combat
  7041 | D:9      | Found a flagged portal.
  7050 | Bailey   | Entered a bailey
  7169 | Bailey   | Gained mutation: Your spells are a little easier to cast, but a little less powerful. [potion of mutation]
  7169 | Bailey   | Gained mutation: You tend to lose your temper in combat. [potion of mutation]
  7169 | Bailey   | Gained mutation: Your body sometimes deteriorates upon taking damage. [potion of mutation]
  7169 | Bailey   | Gained mutation: You are resistant to hostile enchantments. (MR+) [potion of mutation]
  7310 | Bailey   | Noticed an orc knight
  7363 | Bailey   | Lost mutation: You are resistant to hostile enchantments. (MR+) [potion of mutation]
  7363 | Bailey   | Lost mutation: Your spells are a little easier to cast, but a little less powerful. [potion of mutation]
  7363 | Bailey   | Lost mutation: Your body sometimes deteriorates upon taking damage. [potion of mutation]
  7363 | Bailey   | Lost mutation: You tend to lose your temper in combat. [potion of mutation]
  7363 | Bailey   | Gained mutation: You have sharp toenails. [potion of mutation]
  7363 | Bailey   | Gained mutation: You are partially covered in iridescent scales. (AC +2) [potion of mutation]
  7613 | Bailey   | Got a twisted halberd
  7614 | Bailey   | Identified the +3 halberd of the Shoals {venom, MR+ Int-3 Dex+4} (You found it in a bailey)
  7720 | Bailey   | Reached **** piety under Okawaru
  8110 | D:10     | Entered Level 10 of the Dungeon
  8201 | D:10     | Found a staircase to the Lair.
  8349 | D:10     | Reached ***** piety under Okawaru
  8452 | D:10     | Found an ancient bone altar of Kikubaaqudgha.
  8463 | D:10     | Reached skill level 11 in Unarmed Combat
  8844 | D:11     | Reached XP level 11. HP: 79/107 MP: 10/10
  8882 | D:11     | Killed an unseen horror
  9055 | D:11     | Received a gift from Okawaru
  9416 | D:11     | Noticed a two-headed ogre
  9423 | D:11     | Killed a two-headed ogre
  9958 | D:12     | Reached ****** piety under Okawaru
  9998 | D:12     | Noticed a white ugly thing
 10009 | D:12     | Killed a white ugly thing
 10009 | D:12     | Reached skill level 12 in Unarmed Combat
 10303 | D:12     | Found a staircase to the Orcish Mines.
 10408 | D:12     | Noticed a two-headed ogre
 10413 | D:12     | Noticed Frances
 10415 | D:12     | Killed a two-headed ogre
 10436 | D:12     | Killed Frances
 10590 | D:12     | Noticed a deep elf mage
 10594 | D:12     | Killed a deep elf mage
 10594 | D:12     | Received a gift from Okawaru
 10749 | D:12     | Reached XP level 12. HP: 111/119 MP: 11/11
 10832 | D:12     | Noticed a two-headed ogre
 10845 | D:12     | Killed a two-headed ogre
 11329 | D:13     | Noticed a two-headed ogre
 11343 | D:13     | Killed a two-headed ogre
 11346 | D:13     | Noticed a two-headed ogre
 11350 | D:13     | Reached skill level 13 in Unarmed Combat
 11354 | D:13     | Killed a two-headed ogre
 11612 | D:13     | Noticed a vault guard
 11651 | D:13     | Found a shadowy altar of Dithmenos.
 11696 | D:13     | Noticed a centaur warrior
 11711 | D:13     | Killed a centaur warrior
 11825 | D:13     | Noticed a vault guard
 11946 | D:13     | Noticed a vault guard
 11946 | D:13     | Noticed an ogre mage
 11968 | D:13     | Killed an ogre mage
 11971 | D:13     | Killed a vault guard
 12117 | D:13     | Killed a vault guard
 12190 | D:13     | Killed a vault guard
 12262 | D:13     | Found a gate to the Vaults.
 12379 | D:13     | Noticed a death knight
 12406 | D:13     | Killed a death knight
 12406 | D:13     | Reached skill level 1 in Shields
 12406 | D:13     | Reached XP level 13. HP: 67/128 MP: 0/12
 12565 | D:13     | Reached skill level 14 in Unarmed Combat
 12969 | D:14     | Found a shattered altar of Ashenzari.
 13214 | D:14     | Noticed Sonja
 13229 | D:14     | Killed Sonja
 13812 | D:14     | Received a gift from Okawaru
 14021 | D:15     | Entered Level 15 of the Dungeon
 14175 | D:15     | Found Ilivues's Magic Scroll Boutique.
 14183 | D:15     | Bought a scroll of enchant armour for 127 gold pieces
 14206 | D:15     | Found a snail-covered altar of Cheibriados.
 14412 | D:15     | Paralysed by a floating eye for 3 turns
 14917 | D:15     | Found a staircase to the Depths.
 15120 | Lair:1   | Entered Level 1 of the Lair of Beasts
 15977 | Lair:2   | Received a gift from Okawaru
 16045 | Lair:2   | Reached skill level 15 in Unarmed Combat
 16591 | Lair:3   | Reached XP level 14. HP: 140/140 MP: 13/13
 17047 | Lair:3   | Noticed Fannar
 17062 | Lair:3   | Killed Fannar
 17079 | Lair:3   | Found a hole to the Spider Nest.
 18010 | Lair:4   | Found a staircase to the Swamp.
 18359 | Lair:4   | Reached skill level 10 in Dodging
 18775 | Lair:5   | Found a staircase to the Slime Pits.
 18853 | Lair:5   | Noticed Kirke
 18876 | Lair:5   | Killed Kirke
 18876 | Lair:5   | Received a gift from Okawaru
 19471 | Lair:6   | Entered Level 6 of the Lair of Beasts
 19488 | Lair:6   | Reached skill level 10 in Armour
 19801 | Lair:6   | Received a gift from Okawaru
 19801 | Lair:6   | Reached skill level 16 in Unarmed Combat
 19975 | Lair:6   | Noticed Josephine
 19982 | Lair:6   | Killed Josephine
 19991 | Lair:6   | Reached skill level 10 in Fighting
 20139 | Lair:6   | Reached skill level 5 in Shields
 20156 | Lair:6   | Received a gift from Okawaru
 20158 | Lair:6   | Reached XP level 15. HP: 149/149 MP: 14/14
 20160 | Lair:6   | Got an ancient hunting sling {god gift}
 20167 | Lair:6   | Identified the +12 hunting sling "Joad" {venom, Str+3} (Okawaru gifted it to you on level 6 of the Lair of Beasts)
 21228 | Orc:1    | Entered Level 1 of the Orcish Mines
 21244 | Orc:1    | Found a bloodstained altar of Trog.
 21543 | Orc:2    | Entered Level 2 of the Orcish Mines
 21751 | Orc:2    | Received a gift from Okawaru
 21770 | Orc:2    | Found a shimmering altar of Xom.
 22228 | Orc:2    | Noticed an orc warlord
 22246 | Orc:2    | Killed an orc warlord
 22344 | Orc:2    | Found Jieceir's Gadget Shop.
 22393 | Orc:2    | Found Qiffigimug's Jewellery Shoppe.
 22473 | Orc:2    | Found a staircase to the Elven Halls.
 22653 | Orc:2    | Bought the ring "Jaeqino" {+Inv +Fly Dex-4 Slay+5 Stlth+} for 515 gold pieces
 22666 | Orc:2    | Found a roughly hewn altar of Beogh.
 22689 | Orc:2    | Found Guashrih's Antique Armour Shoppe.
 22700 | Orc:2    | Found Zeufuj's Distillery.
 22720 | Orc:2    | Bought a potion of invisibility for 112 gold pieces
 22720 | Orc:2    | Bought a potion of heal wounds for 70 gold pieces
 22720 | Orc:2    | Bought a potion of mutation for 112 gold pieces
 23010 | Spider:1 | Entered Level 1 of the Spider Nest
 23308 | Spider:1 | Received a gift from Okawaru
 23309 | Spider:1 | Got a smoking long sword {god gift}
 23350 | Spider:1 | Identified the +11 long sword "Troll's Death" {venom, rF+ rC++} (Okawaru gifted it to you on level 1 of the Spider Nest)
 23525 | Spider:1 | Reached skill level 17 in Unarmed Combat
 24878 | Spider:2 | Received a gift from Okawaru
 24887 | Spider:2 | Reached XP level 16. HP: 90/161 MP: 15/15
 25613 | Spider:3 | Noticed Roxanne
 25613 | Spider:3 | Noticed Mara
 25618 | Spider:3 | Noticed Bai Suzhen
 25621 | Spider:3 | Noticed Arachne
 25766 | Swamp:1  | Entered Level 1 of the Swamp
 26067 | Swamp:1  | Noticed Nikola
 26088 | Swamp:1  | Killed Nikola
 26802 | Swamp:2  | Paralysed by a hornet for 3 turns
 27341 | Swamp:2  | Received a gift from Okawaru
 27894 | Swamp:3  | Reached skill level 18 in Unarmed Combat
 27943 | Swamp:3  | Noticed a thorn hunter
 27948 | Swamp:3  | Killed a thorn hunter
 28040 | Swamp:3  | Noticed a thorn hunter
 28045 | Swamp:3  | Killed a thorn hunter
 28107 | Swamp:3  | Got a flickering granite ring
 28207 | Swamp:3  | Noticed Donald
 28219 | Swamp:3  | Killed Donald
 28476 | Swamp:4  | Entered Level 4 of the Swamp
 28789 | Swamp:4  | Received a gift from Okawaru
 29086 | Swamp:4  | Reached XP level 17. HP: 156/170 MP: 16/16
 31239 | Swamp:4  | Got a decaying rune of Zot
 31406 | Lair:4   | Received a gift from Okawaru
 31434 | Lair:4   | Identified the ring of Juczass Iguh {rN+ MR++ Str-3 Dex-2 SInv} (You found it on level 3 of the Swamp)
 31549 | Spider:3 | Killed Arachne
 31561 | Spider:4 | Entered Level 4 of the Spider Nest
 31561 | Spider:4 | Noticed Jorgrun
 31571 | Spider:4 | Killed Jorgrun
 31574 | Spider:3 | HP: 8/172 [jumping spider (10)]
 31584 | Spider:3 | HP: 8/172 [poisoned by a redback]
 31650 | Spider:3 | Blown up by an orb spider

Skill      XL: |  1  2  3  4  5  6  7  8  9 10 11 12 13 14 15 16 17 |
---------------+----------------------------------------------------+-----
Armour         | 1 2 3 4 5 6 7 8 9 10 11 | 11.8
Unarmed Combat | 4 5 6 8 9 11 12 13 15 16 17 18 | 18.8
Dodging        | 3 4 5 6 7 8 9 10 11 12 | 12.0
Fighting       | 3 4 5 6 7 8 9 10 11 | 11.7
Shields        | 1 3 5 6 7 8 |  8.4
Stealth        | |  1.0

Action                   |  1- 3 |  4- 6 |  7- 9 | 10-12 | 13-15 | 16-18 || total
-------------------------+-------+-------+-------+-------+-------+-------++-------
Melee: Unarmed           |    95 |   134 |   376 |   654 |  1149 |   568 ||  2976
       Punch             |       |     5 |    12 |    41 |       |       ||    58
       Kick              |       |       |       |   175 |   415 |   219 ||   809
Invok: Heroism           |       |       |     1 |     4 |    11 |    11 ||    27
       Finesse           |       |       |       |     1 |     6 |     1 ||     8
 Abil: Evoke Berserk Rag |       |       |       |       |     2 |     3 ||     5
Evoke: Wand              |       |       |       |     9 |       |       ||     9
  Use: Scroll            |       |       |    12 |    12 |    10 |    13 ||    47
       Potion            |       |       |     1 |    11 |     3 |    17 ||    32
 Stab: Sleeping          |       |     3 |     2 |     2 |       |       ||     7
       Distracted        |       |     1 |       |       |       |       ||     1
       Confused          |       |       |       |       |     2 |     2 ||     4
       Invisible         |       |       |       |       |       |     1 ||     1
  Eat: Chunk             |    10 |     5 |    32 |    43 |   101 |    24 ||   215
       Bread ration      |       |       |     3 |     1 |     4 |     8 ||    16
       Royal jelly       |       |       |       |     1 |       |     2 ||     3
       Meat ration       |       |       |       |     1 |       |     1 ||     2
Armor: Robe              |    44 |    29 |    82 |   104 |       |       ||   259
       Fire dragon scale |       |       |       |    43 |   414 |   313 ||   770
Dodge: Dodged            |    47 |    58 |   252 |   423 |   417 |   272 ||  1469
       Deflected         |       |       |       |    24 |    15 |     4 ||    43
Block: Large shield      |       |       |       |    17 |   793 |   538 ||  1348
